 Dungeon Crawl Stone Soup version 0.29.1 (webtiles) character file.

Game seed: 10823555595985083548

210 funnyparkerb the Slasher (level 5, -3/43 HPs)
             Began as a Merfolk Monk on Sept 13, 2022.
             Splashed by a jelly's acid (8 damage)
             ... on level 4 of the Dungeon.
             The game lasted 00:05:28 (3260 turns).

funnyparkerb the Slasher (Merfolk Monk)             Turns: 3260, Time: 00:05:28

Health: -3/43      AC:  1    Str: 11    XL:     5   Next: 88%
Magic:  5/5        EV: 12    Int: 10    God:
Gold:   225        SH:  0    Dex: 18    Spells: 4/4 levels left

rFire   . . .      SeeInvis .   a - +0 falchion
rCold   . . .      Faith    .   (no shield)
rNeg    . . .      Spirit   .   w - +0 ring mail
rPois   .          Reflect  .   (no helmet)
rElec   .          Harm     .   (no cloak)
rCorr   .          Rampage  .   (no gloves)
Will    .....                   (no boots)
Stlth   ++........              (no amulet)
HPRegen 0.14/turn               d - +4 ring of protection
MPRegen 0.09/turn               (no ring)

@: corroded
A: (nimble swimmer 2), mertail
a: no special abilities


You were on level 4 of the Dungeon.
You visited 1 branch of the dungeon, and saw 4 of its levels.

You collected 225 gold pieces.

Inventory:

Hand Weapons
 a - a +0 falchion (weapon)
Missiles
 k - 4 boomerangs (quivered)
Armour
 w - a +0 ring mail (worn)
Jewellery
 d - a +4 ring of protection (left hand)
Wands
 x - a wand of iceblast (2)
Scrolls
 b - a scroll of fog {unknown}
 e - 2 scrolls of amnesia {unknown}
 f - 3 scrolls of teleportation {unknown}
 g - 4 scrolls of identify {unknown}
 h - 4 scrolls of immolation {unknown}
 j - 2 scrolls of fear {unknown}
 o - a scroll of brand weapon {unknown}
 p - a scroll of vulnerability {unknown}
 r - a scroll of acquirement {unknown}
 t - 2 scrolls of enchant armour {unknown}
Potions
 c - a potion of ambrosia
 i - 2 potions of heal wounds {unknown}
 l - a potion of invisibility {unknown}
 m - a potion of flight {unknown}
 n - 2 potions of berserk rage {unknown}
 q - a potion of mutation {unknown}
 s - a potion of attraction {unknown}
 u - 3 potions of curing {unknown}
 v - a potion of degeneration {unknown}


   Skills:
 * Level 4.5 Fighting
 - Level 6.0 Long Blades
 + Level 1.1 Armour
 + Level 4.7 Dodging
 - Level 2.1 Stealth


You had 4 spell levels left.
You didn't know any spells.
Your spell library contained the following spells:

 Spells                   Type           Power      Damage    Failure   Level
 Slow                     Hex            0%         N/A       65%         1
 Confusing Touch          Hex            0%         N/A       95%         3
 Conjure Flame            Conj/Fire      0%         6-21      95%         3
 Ignite Poison            Fire/Tmut/Pois 0%         N/A       95%         3
 Tukima's Dance           Hex            0%         N/A       95%         3
 Vampiric Draining        Necr           0%         2d6       95%         3
 Passage of Golubria      Tloc           0%         N/A       100%        4
 Sticky Flame             Conj/Fire      0%         2d3       100%        4
 Yara's Violent Unravell  Hex/Tmut       0%         3d3       100%        5


Dungeon Overview and Level Annotations

Branches:
Dungeon (4/15)
 Temple: D:4-7

Altars:
Dithmenos

Shops:
D:2 (

Annotations:
D:3 3 runed translucent doors, MeatBomb's ghost, amateur MiBe


Innate Abilities, Weirdness & Mutations

((You are very nimble when in or above water. (Stealth+, EV+, Speed+++)))
Your lower body shifts to a powerful aquatic tail in water.


Message History

The jelly is moderately wounded.
The endoplasm hits you but does no damage.
The jelly barely misses you.
You hit the jelly.
Your hands burn!
The jelly is heavily wounded.
The endoplasm barely misses you. The jelly hits you but does no damage.
You completely miss the jelly.
The jelly is heavily wounded.
The endoplasm barely misses you. The jelly misses you.
You hit the jelly.
Your hands burn!
The jelly is severely wounded.
The endoplasm hits you but does no damage.
The jelly hits you but does no damage.
You hit the jelly.
Your hands burn!
The jelly is severely wounded.
The endoplasm closely misses you. The jelly hits you. The acid corrodes you!
You are splashed with acid!
You barely miss the jelly.
The jelly is severely wounded.
The endoplasm misses you. The jelly barely misses you.
You hit the jelly but do no damage.
Your hands burn!
The jelly is severely wounded.
The endoplasm closely misses you. The jelly misses you.
You hit the jelly.
Your hands burn!
The jelly is almost dead.
The endoplasm freezes you.
You are frozen.
The jelly misses you.
You hit the jelly but do no damage. The acid corrodes you!
Your hands burn!
* * * LOW HITPOINT WARNING * * *
The jelly is almost dead.
The endoplasm closely misses you. The jelly hits you but does no damage.
You completely miss the jelly. You punch the jelly, but do no damage.
The jelly is almost dead.
The endoplasm freezes you.
You are frozen.
* * * LOW HITPOINT WARNING * * *
The jelly hits you.
* * * LOW HITPOINT WARNING * * *
You are splashed with acid!
You die...

#.......#
#########
########
#...[..#
#......#
#$.....#
#$.....####
#...<.[...#
#.J@....#.#
#..J....#
###.#####
#.. ##. .#
.# ##


You could see a jelly and an endoplasm.

Vanquished Creatures
  Jessica (D:2)
  Ijyb (D:3)
  Natasha (D:2)
  An iguana (D:3)
  2 adders (D:3)
  2 worms (D:2)
  A dart slug (D:1)
  3 orcs (D:4)
  11 endoplasms
  4 giant cockroaches
  5 goblins
  9 hobgoblins
  4 kobolds
  3 quokkas
  10 ball pythons
  8 bats
  5 frilled lizards
  6 rats
77 creatures vanquished.

Notes
Turn   | Place    | Note
-------+----------+-------------------------------------------
     0 | D:1      | funnyparkerb the Merfolk Monk began the quest for the Orb.
     0 | D:1      | Reached XP level 1. HP: 18/18 MP: 1/1
    55 | D:1      | Reached skill level 4 in Long Blades
   235 | D:1      | Reached XP level 2. HP: 23/24 MP: 2/2
   561 | D:1      | Reached skill level 5 in Long Blades
   561 | D:1      | Reached XP level 3. HP: 29/29 MP: 3/3
  1208 | D:2      | Found Xewkyf's Weapon Boutique.
  1470 | D:2      | Found a shadowy altar of Dithmenos.
  1471 | D:2      | Noticed Jessica
  1478 | D:2      | Killed Jessica
  1479 | D:2      | Reached skill level 6 in Long Blades
  1479 | D:2      | Reached XP level 4. HP: 35/35 MP: 4/4
  1674 | D:2      | Noticed Natasha
  1682 | D:2      | Killed Natasha
  2002 | D:3      | Found a runed translucent gate.
  2002 | D:3      | Found a runed translucent gate.
  2003 | D:3      | Found a runed translucent gate.
  2040 | D:3      | Noticed MeatBomb's ghost (amateur MiBe)
  2089 | D:3      | Reached XP level 5. HP: 21/42 MP: 5/5
  2464 | D:3      | Found a faded altar of an unknown god.
  2464 | D:3      | Noticed Ijyb
  2776 | D:4      | Reached skill level 1 in Armour
  2949 | D:3      | Killed Ijyb
  3260 | D:4      | Splashed by a jelly's acid

Illustrated notes

Levels and vault maps discovered:
D:1:      zelgadis_glass_arrival_small, layout_basic
D:2:      layout_loops_ring, serial_shops, shop, basic_altar, uniq_natasha,
          uniq_jessica
D:3:      layout_rooms, gammafunk_ghost_necromancy,
          nicolae_ecumenical_snake_handling, uniq_ijyb
D:4:      layout_basic, minmay_temple_entry_proselytizer

Skill      XL: |  1  2  3  4  5 |
---------------+----------------+-----
Long Blades    | 4 5 6 |  6.0
Fighting       | 4 |  4.5
Armour         | 1 |  1.1
Dodging        | |  4.7
Stealth        | |  2.1

Action                   |  1- 3 |  4- 6 || total
-------------------------+-------+-------++-------
Melee: Falchion          |   129 |   136 ||   265
       Punch             |       |     2 ||     2
Throw: Boomerang         |       |     1 ||     1
  Use: Potion            |       |     1 ||     1
 Stab: Sleeping          |     7 |     3 ||    10
Armor: Robe              |    22 |       ||    22
       Leather armour    |    10 |    16 ||    26
       Ring mail         |       |    40 ||    40
Dodge: Dodged            |    72 |    86 ||   158
